Map: Orbital Shipyard

Players

OwNaGe

  • Race: Protoss Protoss
  • League: Diamond

RotterdaM - Winner!

  • Race: Protoss Protoss
  • League: Master

VOD

Have the link to the VOD?

Description

Time

  • Played on: Feb. 2, 2016, 6:33 p.m.
  • Length: 7:04
Show
View Real Time Build Order
Export as new Build Order

OwNaGe Protoss 

Build Orders:  

Get SALT Encoding   

  12  0:01  Probe (Chrono Boost)  
  13  0:11  Probe (Chrono Boost)  
  14  0:17  Pylon  
  14  0:22  Probe (Chrono Boost)  
  15  0:35  Gateway  
  15  0:40  Assimilator  
  15  0:43  Probe (Chrono Boost)  
  16  0:54  Probe (Chrono Boost)  
  17  1:05  Probe (Chrono Boost)  
  18  1:15  Probe (Chrono Boost)  
  19  1:29  Gateway  
  19  1:34  Probe (Chrono Boost)  
  19  1:38  Pylon, Assimilator  
  20  1:43  Cybernetics Core  
  20  1:44  Probe (Chrono Boost)  
  21  1:55  Probe (Chrono Boost)  
  22  2:17  Nexus  
  22  2:22  Adept (Chrono Boost)  
  24  2:25  Warp Gate  
  26  2:33  Adept (Chrono Boost)  
  26  2:34  Gateway  
  26  2:37  Robotics Facility  
  25  2:40  Probe  
  26  2:48  Adept (Chrono Boost)  
  28  2:52  Probe  
  29  3:02  Stalker (Chrono Boost)  
  31  3:20  Pylon  
  31  3:34  Pylon  
  31  3:39  Mothership Core, Observer  
  24  4:00  Immortal (Chrono Boost), Probe  
  30  4:12  Probe  
  31  4:24  Probe  
  31  4:25  Adept  
  32  4:35  Robotics Bay  
  32  4:36  Probe  
  33  4:48  Probe  
  34  5:04  Immortal (Chrono Boost)  
  38  5:07  Probe  
  39  5:17  Sentry  
  39  5:19  Probe  
  42  5:32  Probe  
  43  5:38  Warp Prism (Chrono Boost)  
  45  6:02  Stalker x2  
  45  6:06  Stalker  
  37  6:27  Stalker  
  37  6:28  Zealot  
Show
View Real Time Build Order
Export as new Build Order

RotterdaM Protoss - Winner!

Build Orders:  

Get SALT Encoding   

  12  0:01  Probe (Chrono Boost)  
  13  0:12  Probe (Chrono Boost)  
  14  0:18  Pylon  
  14  0:22  Probe (Chrono Boost)  
  15  0:36  Probe (Chrono Boost)  
  15  0:38  Gateway  
  16  0:46  Probe (Chrono Boost)  
  16  0:47  Assimilator  
  18  0:57  Probe (Chrono Boost)  
  18  1:01  Gateway  
  18  1:07  Probe (Chrono Boost)  
  18  1:11  Assimilator  
  19  1:18  Probe (Chrono Boost)  
  20  1:25  Cybernetics Core  
  20  1:28  Probe (Chrono Boost)  
  21  1:34  Pylon  
  21  1:39  Probe (Chrono Boost)  
  22  1:50  Probe (Chrono Boost)  
  23  2:00  Probe (Chrono Boost)  
  24  2:02  Adept x2  
  24  2:03  Warp Gate  
  28  2:11  Pylon  
  28  2:13  Probe (Chrono Boost)  
  29  2:24  Mothership Core (Chrono Boost)  
  31  2:32  Adept x2  
  35  2:58  Nexus  
  35  3:15  Stargate  
  35  3:19  Stalker  
  37  3:26  Pylon  
  37  3:30  Stalker  
  37  3:49  Stalker  
  35  4:00  Pylon, Stalker  
  35  4:01  Phoenix  
  37  4:09  Probe (Chrono Boost)  
  38  4:17  Nexus  
  38  4:19  Stalker  
  38  4:20  Probe (Chrono Boost)  
  41  4:33  Phoenix  
  41  4:35  Pylon  
  41  4:37  Probe (Chrono Boost)  
  44  4:52  Probe (Chrono Boost)  
  45  4:58  Phoenix (Chrono Boost)  
  47  5:03  Probe  
  48  5:08  Zealot, Adept  
  52  5:15  Probe  
  52  5:20  Phoenix (Chrono Boost)  
  55  5:27  Pylon, Probe  
  56  5:32  Probe  
  57  5:38  Adept  
  57  5:39  Probe  
  62  5:46  Oracle (Chrono Boost)  
  62  5:48  Robotics Facility  
  63  5:51  Probe  
  63  5:52  Probe  
  65  6:13  Probe  
  65  6:17  Phoenix (Chrono Boost)  
  68  6:39  Phoenix (Chrono Boost)  
  68  6:59  Zealot  
  68  7:00  Zealot  
Tags
 
Add a new tag
Caveats
  • Supply blocks, unpowered buildings, or Contaminate may cause inaccurate times.
  • Supply counts are checked every 10 seconds.